 Dungeon Crawl Stone Soup version 0.20-a0-1014-g171fa7a (webtiles) character file.

12287 Magifyre the Blocker (level 12, -32/99 HPs)
             Began as a Formicid Fighter on Apr 15, 2017.
             Was a Believer of the Shining One.
             Annihilated by a very large slime creature (34 damage)
             ... on level 10 of the Dungeon.
             The game lasted 00:33:04 (10286 turns).

Magifyre the Blocker (Formicid Fighter)            Turns: 10286, Time: 00:33:05

Health: -32/99     AC: 19    Str: 27    XL:     12   Next: 18%
Magic:  12/12      EV:  7    Int:  7    God:    the Shining One [**....]
Gold:   431        SH: 13    Dex: 17    Spells: 11/11 levels left

rFire    + . .     SeeInvis +   x - +9 rapier "Ripat" {speed, rF+ Int-2 Dex+3}
rCold    . . .     Gourm    .   c - +0 shield
rNeg     + . .     Faith    .   k - +1 plate armour
rPois    +         Spirit   .   (helmet unavailable)
rElec    .         Reflect  .   r - +0 cloak
rCorr    .         Harm     .   E - +1 pair of gloves
MR       +....                  (no boots)
Stlth    ..........             (no amulet)
Regen    0.3/turn               e - +6 ring of strength
MPRegen  0.2/turn               u - ring of poison resistance

@: glowing
A: permanent stasis, dig shafts and tunnels, four strong arms, antennae 3
a: Dig, Shaft Self, Divine Shield, Renounce Religion


You were on level 10 of the Dungeon.
You worshipped the Shining One.
The Shining One was pleased with you.
You were not hungry.

You visited 2 branches of the dungeon, and saw 13 of its levels.

You collected 431 gold pieces.

Inventory:

Hand Weapons
 x - the +9 rapier "Ripat" (weapon) {speed, rF+ Int-2 Dex+3}
   (You took it off an orc on level 5 of the Dungeon)

   Attacks with this weapon are significantly faster.
   It affects your intelligence (-2).
   It affects your dexterity (+3).
   It protects you from fire.
 D - a +2 war axe of chopping
Missiles
 s - 6 tomahawks (quivered)
Armour
 c - a +0 shield (worn)
 k - a +1 plate armour (worn)
 r - a +0 cloak (worn)
 E - a +1 pair of gloves (worn)
Jewellery
 e - a +6 ring of strength (left hand)
 g - an uncursed ring of resist corrosion
 o - an uncursed ring of stealth
 u - a ring of poison resistance (right hand)
Wands
 a - a wand of iceblast (6/15)
 z - a wand of disintegration (24/24)
 A - a wand of paralysis (19/24)
Scrolls
 h - a scroll of fog
 i - 3 scrolls of amnesia
 m - 4 scrolls of identify
 p - a scroll of magic mapping
 q - 2 scrolls of enchant armour
 t - a scroll of enchant weapon
 y - a scroll of remove curse
Potions
 b - 2 potions of heal wounds
 d - a potion of might
 B - 4 potions of curing
Books
 v - a book of Cantrips

   Spells                             Type                      Level
   a - Confusing Touch                Hexes                        1
   b - Animate Skeleton               Necromancy                   1
   c - Summon Small Mammal            Summoning                    1
   d - Apportation                    Translocation                1
Comestibles
 f - 12 bread rations
 j - 4 meat rations
 l - 14 fruits
 n - 7 royal jellies


   Skills:
 + Level 10.9 Fighting
 + Level 9.4 Axes
 + Level 10.9 Armour
 + Level 11.4 Shields


You had 11 spell levels left.
You didn't know any spells.

Dungeon Overview and Level Annotations

Branches:
Dungeon (12/15)            Temple (1/1) D:7            Lair (0/6) D:9
    Orc: D:9-12

Altars:
Ashenzari
Cheibriados
Dithmenos
Elyvilon
Fedhas
Gozag
Hepliaklqana
Kikubaaqudgha
Makhleb
Nemelex Xobeh
Okawaru
Qazlal
Ru
Sif Muna
Trog
Uskayaw
Vehumet
Wu Jian
Xom
Yredelemnul
Zin
The Shining One

Shops:
D:7 *   D:10 }


Innate Abilities, Weirdness & Mutations

You cannot be hasted, slowed, berserked, paralysed or teleported.
You can dig through walls and to a lower floor.
Your four strong arms can wield two-handed weapons with a shield.
You have a pair of large antennae on your head. (SInv)


Message History

* * * LOW HITPOINT WARNING * * *
You hear a shout! x3
You climb upwards.
There is a stone staircase leading down here.
There is a stone staircase leading up here.
A titanic slime creature splits.
You climb upwards.
The killer bee buzzes angrily. x2
The killer bee stings you.
* * * LOW HITPOINT WARNING * * *
There is a stone staircase leading down here.
The very large slime creature hits you but does no damage.
You block the killer bee's attack. x2
The killer bee barely misses you. You block the killer bee's attack.
You block the killer bee's attack. The killer bee closely misses you.
The killer bee stings you.
* * * LOW HITPOINT WARNING * * *
You block the killer bee's attack.
The very large slime creature hits you!!
You die...

.................................
##..###................###.......
#..# #................# #.......
#..# #................# #.......
#..# #....>...........# #.......
#..###.............#..# #..####.
#.........#........#..# #.......
##.........#.J.J....#..###.......
..............yy@..y.............
......##############.........##+#
#####.# #.......#.........#... #
#.# #.......#...####..'... # #.#
#.......#...####..#... #####.#
#....>..#.........#[.. ......#
#...<...#..<......#... ......#
###'######.........#... ....###
#..................#...


You could see a very large slime creature, a large slime creature and 3 killer
bees.

Vanquished Creatures
  A hydra (D:11)
  5 two-headed ogres
  An ugly thing (D:11)
  Pikel (D:5)
  A manticore (D:11)
  A centaur zombie (D:11)
  A gargoyle (D:11)
  A komodo dragon (D:11)
  2 trolls
  A hornet (D:11)
  2 hippogriffs
  A spriggan (D:8)
  4 yaks (D:11)
  2 wyverns (D:9)
  An acid dragon (D:9)
  An orc warrior (D:8)
  3 sky beasts
  A slave (D:5)
  2 ice beasts
  2 phantoms
  3 ogres
  5 centaurs
  2 crocodiles (D:9)
  2 big kobolds (D:11)
  3 bullfrogs
  5 scorpions
  8 wights (D:11)
  6 howler monkeys
  6 crimson imps
  2 bullfrog zombies
  A jelly (D:6)
  14 orc wizards
  2 bullfrog skeletons
  6 orc priests
  3 hounds
  5 worker ants
  3 iguanas
  A killer bee zombie (D:6)
  2 hound zombies (D:6)
  5 gnolls
  13 adders
  A shadow imp (D:7)
  An ooze (D:2)
  An adder zombie (D:7)
  2 adder skeletons
  A worm (D:5)
  2 dart slugs (D:1)
  7 leopard geckos
  46 orcs
  5 giant cockroaches
  8 goblins
  9 hobgoblins
  10 jackals
  5 quokkas
  3 ball pythons
  14 bats
  6 frilled lizards
  15 kobolds
  2 quokka skeletons
  A quokka zombie (D:8)
  18 rats
288 creatures vanquished.

Notes
Turn   | Place    | Note
-------+----------+-------------------------------------------
     0 | D:1      | Magifyre the Formicid Fighter began the quest for the Orb.
     0 | D:1      | Reached XP level 1. HP: 18/18 MP: 1/1
    34 | D:1      | Reached XP level 2. HP: 23/24 MP: 2/2
   385 | D:1      | Reached XP level 3. HP: 29/29 MP: 3/3
   816 | D:1      | Reached skill level 4 in Shields
  1060 | D:2      | Found a sacrificial altar of Ru.
  1063 | D:2      | Found a hazy altar of Hepliaklqana.
  1063 | D:2      | Found a sparkling altar of Nemelex Xobeh.
  1081 | D:2      | Reached XP level 4. HP: 35/37 MP: 4/4
  1813 | D:2      | Found a basalt altar of Yredelemnul.
  1978 | D:3      | Reached XP level 5. HP: 42/42 MP: 5/5
  2583 | D:4      | Noticed an ogre
  2590 | D:4      | Killed an ogre
  2590 | D:4      | Reached skill level 5 in Shields
  2590 | D:4      | Reached XP level 6. HP: 16/49 MP: 6/6
  2917 | D:4      | Found a snail-covered altar of Cheibriados.
  2922 | D:4      | Reached skill level 5 in Fighting
  2933 | D:4      | Reached XP level 7. HP: 19/56 MP: 7/7
  3004 | D:4      | Reached skill level 5 in Armour
  3367 | D:4      | Found a white marble altar of Elyvilon.
  3636 | D:5      | Entered Level 5 of the Dungeon
  3805 | D:5      | Reached skill level 6 in Shields
  3805 | D:5      | Reached XP level 8. HP: 42/64 MP: 8/8
  4246 | D:5      | Got a shimmering rapier {speed}
  4247 | D:5      | Identified the +9 rapier "Ripat" {speed, rF+ Int-2 Dex+3} (You took it off an orc on level 5 of the Dungeon)
  4297 | D:5      | Noticed Pikel
  4307 | D:5      | Killed Pikel
  4307 | D:5      | Reached skill level 5 in Axes
  4307 | D:5      | Reached skill level 7 in Shields
  4307 | D:5      | Reached XP level 9. HP: 69/71 MP: 9/9
  5472 | D:7      | Found Pisugekk's Sacrilege Store.
  5519 | D:7      | Found a burning altar of Makhleb.
  5702 | D:7      | Found a staircase to the Ecumenical Temple.
  5708 | Temple   | Entered the Ecumenical Temple
  5816 | Temple   | Became a worshipper of the Shining One
  6188 | D:7      | Reached skill level 8 in Shields
  6483 | D:8      | Reached XP level 10. HP: 77/80 MP: 10/10
  6986 | D:9      | Found a burning altar of Makhleb.
  6995 | D:9      | Reached skill level 9 in Shields
  7270 | D:9      | Found a staircase to the Lair.
  7699 | D:10     | Entered Level 10 of the Dungeon
  7885 | D:10     | Reached * piety under the Shining One
  7930 | D:10     | Noticed a two-headed ogre
  7938 | D:10     | Killed a two-headed ogre
  8060 | D:10     | Reached skill level 10 in Shields
  8060 | D:10     | Reached XP level 11. HP: 13/89 MP: 11/11
  8405 | D:10     | Noticed a two-headed ogre
  8413 | D:10     | Killed a two-headed ogre
  8568 | D:10     | Found Poetied's Gadget Emporium.
  8966 | D:11     | Noticed a two-headed ogre
  8977 | D:11     | Killed a two-headed ogre
  8977 | D:11     | Reached skill level 10 in Fighting
  8977 | D:11     | Reached skill level 10 in Armour
  9010 | D:11     | Noticed a brown ugly thing
  9032 | D:11     | Killed a brown ugly thing
  9242 | D:11     | Noticed a manticore
  9258 | D:11     | Killed a manticore
  9533 | D:11     | Noticed a six-headed hydra
  9542 | D:11     | Killed a six-headed hydra
  9542 | D:11     | Reached skill level 11 in Shields
  9756 | D:11     | Noticed a two-headed ogre
  9764 | D:11     | Killed a two-headed ogre
  9806 | D:11     | Reached ** piety under the Shining One
  9829 | D:11     | Reached XP level 12. HP: 75/99 MP: 12/12
 10235 | D:11     | Noticed a two-headed ogre
 10246 | D:11     | Killed a two-headed ogre
 10285 | D:10     | HP: 2/99 [killer bee (6)]
 10286 | D:10     | Annihilated by a very large slime creature

Vault maps used:
D:1:      erik_arrival_orb_chamber
D:2:      lemuel_crystal_altar, grunt_temple_overflow_open,
          minmay_split_cup_small
D:3:      kennysheep_the_goblin_king, first_bread
D:4:      corexii_shack_village, elyvilon_altar_5, cheibriados_altar_1
D:5:      uniq_pikel
D:6:      serial_park_tiny_pond
D:7:      minmay_temple_entry_fiery, nicolae_evil_shop
D:8:      the_bakery
D:9:      erik_lair_dragon, bloody_makhleb
D:10:     serial_shops, nicolae_shop_waterfront
D:12:     lemuel_vampire_tower, minmay_orc_entry_temple_small,
          portal_ice_cave_entry_imps
Temple:   eino_temple_scatter_basement

Skill      XL: |  1  2  3  4  5  6  7  8  9 10 11 |
---------------+----------------------------------+-----
Shields        | 4 5 6 7 8 10 11 | 11.4
Armour         | 4 5 6 7 9 10 | 10.9
Fighting       | 4 5 6 8 9 10 | 10.9
Axes           | 3 4 5 6 7 9 |  9.4

Action                   |  1- 3 |  4- 6 |  7- 9 | 10-12 || total
-------------------------+-------+-------+-------+-------++-------
Melee: War axe           |   140 |   172 |   181 |       ||   493
       Rapier            |       |       |   182 |   363 ||   545
  Use: Scroll            |       |     8 |     9 |     5 ||    22
  Eat: Chunk             |     1 |     6 |    12 |    12 ||    31
Armor: Scale mail        |    24 |       |       |       ||    24
       Plate armour      |    96 |    91 |   169 |   118 ||   474
Dodge: Dodged            |    53 |    38 |    56 |    62 ||   209
Block: Shield            |    97 |    96 |   215 |   198 ||   606
